 Dungeon Crawl Stone Soup version 0.28-a0-628-g3c9886e45e (webtiles) character file.

Game seed: 17734957114946829129

613 mordus the Chopper (level 7, -2/57 HPs)
             Began as a Hill Orc Fighter on Oct 8, 2021.
             Slain by a gnoll (5 damage)
             ... on level 5 of the Dungeon.
             The game lasted 00:04:47 (4042 turns).

mordus the Chopper (Hill Orc Fighter)               Turns: 4042, Time: 00:04:47

Health: -2/57      AC:  7    Str: 21    XL:     7   Next: 44%
Magic:  7/7        EV:  7    Int:  8    God:
Gold:   271        SH: 10    Dex: 16    Spells: 6/6 levels left

rFire   + . .      SeeInvis .   a - +0 war axe
rCold   + . .      Faith    .   r - +0 kite shield
rNeg    . . .      Spirit   .   b - +0 scale mail
rPois   .          Reflect  .   (no helmet)
rElec   .          Harm     .   q - scarf {rC+ rF+}
rCorr   .          Rampage  .   (no gloves)
Will    .....                   (no boots)
Stlth   ..........              (no amulet)
HPRegen 0.19/turn               y - +6 ring of dexterity
MPRegen 0.10/turn               (no ring)

@: lit by a corona, glowing
A: no striking features
a: no special abilities


You were on level 5 of the Dungeon.
You visited 1 branch of the dungeon, and saw 5 of its levels.
You also visited: Ossuary.

You collected 271 gold pieces.

Inventory:

Hand Weapons
 a - a +0 war axe (weapon)
Armour
 b - a +0 scale mail (worn)
 c - a +0 buckler
 q - a scarf of resistance (worn)
 r - a +0 kite shield (worn)
Jewellery
 y - a +6 ring of dexterity (left hand)
 A - a ring of flight
Wands
 m - a wand of flame (13)
Scrolls
 e - 2 scrolls of immolation {unknown}
 f - 6 scrolls of identify {unknown}
 g - 4 scrolls of enchant weapon {unknown}
 i - a scroll of noise {unknown}
 j - a scroll of enchant armour {unknown}
 n - a scroll of teleportation {unknown}
 o - a scroll of torment {unknown}
 s - 2 scrolls of holy word {unknown}
 v - a scroll of vulnerability {unknown}
Potions
 d - a potion of might
 h - 3 potions of attraction {unknown}
 k - a potion of ambrosia {unknown}
 l - 3 potions of heal wounds {unknown}
 p - 2 potions of curing {unknown}
 t - 2 potions of invisibility {unknown}
 u - a potion of flight {unknown}
 w - 2 potions of mutation {unknown}
 x - 3 potions of lignification {unknown}
 z - a potion of resistance {unknown}


   Skills:
 - Level 3.6 Fighting
 * Level 7.7 Axes
 + Level 5.3 Armour
 + Level 5.3 Shields


You had 6 spell levels left.
You didn't know any spells.
Your spell library contained the following spells:

 Spells                   Type           Power      Damage    Failure   Level
 Beastly Appendage        Tmut           0%         N/A       98%         1
 Summon Small Mammal      Summ           0%         N/A       98%         1
 Wereblood                Tmut           0%         N/A       99%         2
 Call Canine Familiar     Summ           0%         N/A       100%        3
 Spider Form              Tmut/Pois      0%         N/A       100%        3
 Summon Guardian Golem    Hex/Summ       0%         N/A       100%        3
 Tukima's Dance           Hex            0%         N/A       100%        3
 Passage of Golubria      Tloc           N/A        N/A       100%        4
 Yara's Violent Unravell  Hex/Tmut       0%         3d3       100%        5


Dungeon Overview and Level Annotations

Branches:
Dungeon (5/15)            Ossuary (visited)
 Temple: D:4-7

Altars:
Hepliaklqana
Nemelex Xobeh
Qazlal
Ru
Sif Muna
Zin


Message History

A gnoll comes into view. It is wielding a +0 halberd.
The gnoll shaman calls upon its god to speed up the gnoll.
The gnoll seems to speed up.
You see here a +0 flail.
The gnoll shaman barely misses you.
You slash the gnoll shaman!
The gnoll shaman is heavily wounded.
You completely miss the gnoll. You block the gnoll shaman's attack.
The gnoll hits you from afar with a +0 halberd.
The gnoll barely misses you.
The gnoll shaman calls upon its god to speed up the gnoll.
The gnoll seems to speed up.
You slash the gnoll shaman!
You kill the gnoll shaman!
You hit the gnoll.
The gnoll hits you from afar with a +0 halberd.
You block the gnoll's attack. The gnoll hits you but does no damage.
The gnoll closely misses you.
You barely miss the gnoll.
The gnoll is lightly wounded.
You slash the gnoll! You block the gnoll's attack. x2
The gnoll hits you but does no damage. You block the gnoll's attack.
The gnoll hits you from afar with a +0 halberd.
You block the gnoll's attack.
You are too injured to fight recklessly!
You are too injured to fight recklessly!
You block the gnoll's attack. The gnoll barely misses you.
You see here a +0 flail.
You block the gnoll's attack.
The gnoll hits you with a +1 vorpal flail!
* * * LOW HITPOINT WARNING * * *
The gnoll hits you with a +1 vorpal flail!
* * * LOW HITPOINT WARNING * * *
x2 The gnoll hits you from afar with a +0 halberd.
* * * LOW HITPOINT WARNING * * *
You block the gnoll's attack. You block the gnoll's attack.
You block the gnoll's attack.
The gnoll hits you from afar with a +0 halberd.
You die...

#.#.#.#.##.##.##(#.#.##
###...)......##.##......#
........#.#####.####....#
.#.####.....##...###....#
#......................#
....##............#.##.#
##.# #..............##.#
# #.......g....####.#
....######gg@.......#
#.#### #...######## .
##.## #.# #.# #.# ..# ##


You could see 3 gnolls.

Vanquished Creatures
  2 black bears
  2 water moccasin zombies (Ossuary)
  A howler monkey (D:5)
  A hound (D:4)
  A gnoll shaman (D:5)
  Terence (D:3)
  2 mummies (Ossuary)
  5 adders
  A gnoll (D:5)
  An ufetubus (D:5)
  6 adder zombies (Ossuary)
  3 worms
  2 dart slugs
  An orc (D:3)
  7 endoplasms
  A giant cockroach (D:1)
  7 gnoll zombies (Ossuary)
  10 goblins
  4 hobgoblins
  5 quokkas
  4 ball pythons
  6 bats
  3 frilled lizards
  4 hobgoblin zombies (Ossuary)
  7 kobolds
  3 kobold zombies (Ossuary)
  6 orc zombies (Ossuary)
  7 rats
  A rat zombie (D:5)
104 creatures vanquished.

Notes
Turn   | Place    | Note
-------+----------+-------------------------------------------
     0 | D:1      | mordus the Hill Orc Fighter began the quest for the Orb.
     0 | D:1      | Reached XP level 1. HP: 19/19 MP: 1/1
    59 | D:1      | Reached skill level 3 in Axes
   154 | D:1      | Reached XP level 2. HP: 26/26 MP: 2/2
   482 | D:1      | Reached XP level 3. HP: 31/31 MP: 3/3
   963 | D:2      | Reached skill level 4 in Axes
  1173 | D:2      | Reached XP level 4. HP: 39/39 MP: 4/4
  1512 | D:2      | Found a hazy altar of Hepliaklqana.
  1786 | D:3      | Noticed Terence
  1795 | D:3      | Killed Terence
  2000 | D:3      | Reached skill level 5 in Axes
  2085 | D:3      | Found a shimmering blue altar of Sif Muna.
  2089 | D:3      | Found a sparkling altar of Nemelex Xobeh.
  2123 | D:3      | Reached XP level 5. HP: 44/45 MP: 5/5
  2172 | D:3      | Found a glowing silver altar of Zin.
  2622 | D:3      | Found a faded altar of an unknown god.
  2622 | D:3      | Noticed an Ice Fiend
  2721 | D:4      | Noticed a black bear
  2747 | D:3      | Killed a black bear
  2748 | D:3      | Reached skill level 6 in Axes
  2748 | D:3      | Reached XP level 6. HP: 28/51 MP: 6/6
  3148 | D:4      | Found a sacrificial altar of Ru.
  3247 | D:4      | Found a stormy altar of Qazlal.
  3548 | D:5      | Entered Level 5 of the Dungeon
  3599 | D:5      | Found a sand-covered staircase.
  3610 | Ossuary  | Entered an ossuary
  3898 | Ossuary  | Reached skill level 5 in Armour
  3922 | Ossuary  | Reached skill level 7 in Axes
  3937 | Ossuary  | Reached skill level 5 in Shields
  3939 | Ossuary  | Reached XP level 7. HP: 54/57 MP: 7/7
  4042 | D:5      | Slain by a gnoll

Illustrated notes

Levels and vault maps discovered:
D:1:      wander_arrival_fairy_ring, layout_loops_ring, minmay_misc_feat_cross,
          feat_on_display
D:2:      layout_loops_ring, basic_altar, chequers_decorated_corner,
          minmay_pentomino_u2
D:3:      layout_rooms, lemuel_tele_altar, nemelex_xobeh_ov_fountains_minmay,
          nicolae_sif_muna_condensation,
          dreamdust_ecumenical_altar_sealed_demon, hex_medium, minmay_pentangle,
          uniq_terence
D:4:      layout_layer_cave, grunt_qazlal_clouds, nicolae_ru_path_of_blood
D:5:      layout_loops_cross, enter_ossuary_3, chequers_serial_rivers_large_b

Skill      XL: |  1  2  3  4  5  6 |
---------------+-------------------+-----
Axes           | 3 4 5 6 7 |  7.7
Armour         | 4 5 |  5.3
Shields        | 4 5 |  5.3
Fighting       | |  3.6

Action                   |  1- 3 |  4- 6 |  7- 9 || total
-------------------------+-------+-------+-------++-------
Melee: War axe           |    81 |   217 |    17 ||   315
Armor: Scale mail        |    30 |    96 |    16 ||   142
Dodge: Dodged            |    31 |    93 |    13 ||   137
Block: Buckler           |    23 |    31 |       ||    54
       Kite shield       |       |    40 |    19 ||    59

Table legend: (Time is in decaauts)
 A = Elapsed time spent in this place.
 B = Non-inter-level travel time spent in this place.
 C = Inter-level travel time spent in this place.
 D = Time resting spent in this place.
 E = Time spent auto-exploring this place.
 F = Levels seen in this place.
 G = Mean time per level.
                   A        B        C        D        E       F      G
               +--------+--------+--------+--------+--------+-----+--------+
         Total |   4144 |   3950 |    194 |    418 |   2654 |   6 |  690.7 |
       Dungeon |   3730 |   3536 |    194 |    262 |   2625 |   5 |  746.0 |
       Ossuary |    414 |    414 |      0 |    156 |     29 |   1 |  414.0 |
               +--------+--------+--------+--------+--------+-----+--------+

Top non-repeatable levels by time:
     D:3: 1104 daAuts
     D:2: 944 daAuts
     D:1: 871 daAuts
     D:4: 682 daAuts
 Ossuary: 414 daAuts
     D:5: 127 daAuts
